 Dungeon Crawl Stone Soup version 0.22.1-2-g9c5b331 (webtiles) character file.

38 whitewolfNL the Cudgeler (level 3, -1/33 HPs)
             Began as a Minotaur Berserker on Nov 27, 2018.
             Was a Follower of Trog.
             Slain by a sky beast (4 damage)
             ... on level 2 of the Dungeon.
             The game lasted 00:02:51 (1335 turns).

whitewolfNL the Cudgeler (Minotaur Berserker)       Turns: 1335, Time: 00:02:52

Health: -1/33      AC:  2    Str: 21    XL:     3   Next: 25%
Magic:  2/2        EV: 12    Int:  5    God:    Trog [*.....]
Gold:   25         SH:  0    Dex:  9    Spells: 2/2 levels left

rFire    . . .     SeeInvis .   a - +0 mace
rCold    . . .     Gourm    .   (no shield)
rNeg     . . .     Faith    .   b - +0 animal skin
rPois    .         Spirit   .   (helmet restricted)
rElec    .         Reflect  .   (no cloak)
rCorr    .         Harm     .   (no gloves)
MR       .....                  (no boots)
Stlth    +.........             (no amulet)
HPRegen  0.11/turn              (no ring)
MPRegen  0.08/turn              (no ring)

@: berserk cooldown, slowed, very slow
A: retaliatory headbutt, horns 2
a: Berserk, Renounce Religion


You were on level 2 of the Dungeon.
You worshipped Trog.
Trog was aware of your devotion.
You were hungry.

You visited 1 branch of the dungeon, and saw 2 of its levels.

You collected 25 gold pieces.

Inventory:

Hand Weapons
 a - a +0 mace (weapon)
Missiles
 d - 18 sling bullets
 h - 43 stones (quivered)
 r - 19 arrows
Armour
 b - a +0 animal skin (worn)
Jewellery
 o - a +2 ring of dexterity {unknown}
Scrolls
 f - a scroll of identify {unknown}
 i - a scroll of fog {unknown}
 l - a scroll of enchant armour {unknown}
 m - a scroll of remove curse {unknown}
 n - a scroll of enchant weapon {unknown}
 q - a scroll of immolation {unknown}
 s - a scroll of teleportation {unknown}
Potions
 e - 2 potions of heal wounds {unknown}
 g - a potion of brilliance {unknown}
 j - a potion of agility {unknown}
 p - a potion of curing {unknown}
Comestibles
 c - 4 rations
 k - 3 chunks of flesh


   Skills:
 + Level 3.9 Fighting
 * Level 4.5 Maces & Flails
 * Level 2.7 Armour
 * Level 2.5 Dodging
 * Level 0.4 Stealth


You had 2 spell levels left.
You didn't know any spells.
Your spell library was empty.

Dungeon Overview and Level Annotations

Branches:
Dungeon (2/15)

Altars:


Innate Abilities, Weirdness & Mutations

You reflexively headbutt those who attack you in melee.
You have a pair of horns on your head.


Message History

The goblin is moderately wounded.
The goblin hits you with a dagger. The frilled lizard misses you.
The sky beast closely misses you. You furiously retaliate!
You headbutt the sky beast. The goblin closely misses you.
The frilled lizard closely misses you. You furiously retaliate!
You headbutt the frilled lizard.
You kill the frilled lizard!
Trog accepts your kill.
The hobgoblin shouts!
You hit the goblin.
You kill the goblin!
Trog accepts your kill. The sky beast barely misses you.
The sky beast hits you. The sky beast shocks you.
* * * LOW HITPOINT WARNING * * *
A phantom comes into view.
The hobgoblin hits you.
* * * LOW HITPOINT WARNING * * *
The sky beast hits you.
You die...

..##. ..# #.. ....
#.###.#...
#.#.###...#.....##
#.#..............#
#..#.............
#...[.........!
######...........#
#.......#...>....# #
#...†.@..........### #.
#....Yg............##..
#...†.................#
#...))..#.....##.......
#.............###.)$...
#....##'##....####..$...
...###
..W####.........## ..##
...# ###...#....# .# ..#
#.##..#....#


You could see a phantom (wandering), a sky beast and a hobgoblin.

Vanquished Creatures
  A worm (D:2)
  2 dart slugs (D:1)
  4 bats (D:1)
  2 giant cockroaches (D:1)
  5 goblins
  3 hobgoblins (D:1)
  3 jackals (D:1)
  A quokka (D:2)
  A ball python (D:1)
  3 frilled lizards
  2 kobolds (D:1)
  3 rats
30 creatures vanquished.

Notes
Turn   | Place    | Note
-------+----------+-------------------------------------------
     0 | D:1      | whitewolfNL the Minotaur Berserker began the quest for the
                  | Orb.
     0 | D:1      | Reached XP level 1. HP: 19/19 MP: 0/0
   594 | D:1      | Reached skill level 4 in Maces & Flails
   599 | D:1      | Reached XP level 2. HP: 22/27 MP: 1/1
  1276 | D:2      | Reached XP level 3. HP: 33/33 MP: 2/2
  1328 | D:2      | Noticed a sky beast
  1334 | D:2      | Noticed a phantom
  1335 | D:2      | Slain by a sky beast

Skill      XL: |  1 |
---------------+----+-----
Maces & Flails | 4 |  4.5
Fighting       | |  3.9
Armour         | |  2.7
Dodging        | |  2.5
Stealth        | |  0.4

Action                   || total
-------------------------++-------
Melee: Mace              ||    55
       Headbutt          ||     8
Invok: Berserk           ||     2
  Eat: Chunk             ||     2
Armor: Animal skin       ||    12
Dodge: Dodged            ||    50
